| TOP OF THE 1ST |
|
Cleveland (APP) Indians batting - Pitching for Bluefield Blue Jays : RHP Bradley Carriere
|
|
Pitching: RHP Bradley Carriere
|
|
|
Batting: RHB Tony Gonzales
|
0-0: Swinging Strike 0-1: Ball 1-1: Called Strike 1-2: Ball 2-2: Ball 3-2: Fly out, F3 (Popup, 3SF, EV 71.9 MPH)
|
|
Batting: LHB Mesfin Azagba
|
0-0: Foul Ball, location: 2F 0-1: SINGLE (Groundball, 34D, EV 95.0 MPH)
|
|
Batting: RHB Kevin Trull
|
0-0: Ball 1-0: Ground out 4-3 (Groundball, 34, EV 107.5 MPH) Mesfin Azagba to second
|
|
Batting: RHB Andy Lewis
|
0-0: Ball 1-0: Ball 2-0: Ball 3-0: Base on Balls
|
|
Batting: SHB Jay Rook
|
0-0: Foul Ball, location: 2F 0-1: Called Strike 0-2: Ground out 4-3 (Groundball, 4, EV 88.1 MPH)
|
| Top of the 1st over - 0 runs, 1 hit, 0 errors, 2 left on base; Cleveland (APP) 0 - Bluefield 0 |
| BOTTOM OF THE 1ST |
|
Bluefield Blue Jays batting - Pitching for Cleveland (APP) Indians : RHP Antonio Olvera
|
|
Pitching: RHP Antonio Olvera
|
|
|
Batting: LHB Nate Greening
|
0-0: Ball 1-0: SINGLE (Line Drive, 7S, EV 102.5 MPH)
|
|
Batting: RHB Akira Kubo
|
0-0: Foul Ball, location: 2F 0-1: Called Strike 0-2: Ball 1-2: Strikes out looking
|
|
Batting: RHB Mark Noftall
|
0-0: Called Strike Nate Greening steals 2nd base (no throw) 0-1: Ball 1-1: Called Strike 1-2: Fly out, F8 (Flyball, 8LM, EV 82.5 MPH)
|
|
Batting: RHB Terry Plumley
|
0-0: Ball 1-0: Called Strike 1-1: Foul Ball, location: 2F 1-2: Foul Ball, location: 2F 1-2: Ball 2-2: Ball 3-2: Base on Balls
|
|
Batting: RHB Jorge Cruz
|
0-0: Called Strike 0-1: Swinging Strike 0-2: Strikes out swinging
|
| Bottom of the 1st over - 0 runs, 1 hit, 0 errors, 2 left on base; Cleveland (APP) 0 - Bluefield 0 |
| TOP OF THE 2ND |
|
Cleveland (APP) Indians batting - Pitching for Bluefield Blue Jays : RHP Bradley Carriere
|
|
Batting: RHB Luke Burnham
|
0-0: Ball 1-0: Called Strike 1-1: Ground out U3 (Groundball, 3, EV 110.0 MPH)
|
|
Batting: SHB Luis de Leon
|
0-0: Called Strike 0-1: Ball 1-1: Swinging Strike 1-2: Hit by Pitch
|
|
Batting: RHB Xavier Bartolani
|
0-0: Ball 1-0: Fly out, F7 (Flyball, 7, EV 91.9 MPH)
|
|
Batting: LHB Mario Garza
|
0-0: Ball 1-0: 2-RUN HOME RUN (Flyball, 89XD, EV 110.6 MPH), Distance : 418 ft
|
|
Batting: RHB Tony Gonzales
|
0-0: Called Strike 0-1: Ball 1-1: Foul Ball, location: 2F 1-2: Ball 2-2: Foul Ball, location: 2F 2-2: Ball 3-2: Foul Ball, location: 2F 3-2: Strikes out swinging
|
| Top of the 2nd over - 2 runs, 1 hit, 0 errors, 0 left on base; Cleveland (APP) 2 - Bluefield 0 |
| BOTTOM OF THE 2ND |
|
Bluefield Blue Jays batting - Pitching for Cleveland (APP) Indians : RHP Antonio Olvera
|
|
Batting: RHB Ed Swafford
|
0-0: Ball 1-0: Ball 2-0: Ball 3-0: Base on Balls
|
|
Batting: LHB Ron de Vos
|
0-0: Called Strike Ed Swafford steals 2nd base 0-1: Called Strike Ed Swafford is caught stealing 3rd base 2-5 0-2: Strikes out swinging
|
|
Batting: RHB Manny Elizondo
|
0-0: Ball 1-0: Called Strike 1-1: Foul Ball, location: 2F 1-2: Strikes out swinging
|
| Bottom of the 2nd over - 0 runs, 0 hits, 0 errors, 0 left on base; Cleveland (APP) 2 - Bluefield 0 |
| TOP OF THE 3RD |
|
Cleveland (APP) Indians batting - Pitching for Bluefield Blue Jays : RHP Bradley Carriere
|
|
Batting: LHB Mesfin Azagba
|
0-0: Swinging Strike 0-1: Hit by Pitch
|
|
Batting: RHB Kevin Trull
|
0-0: Ball 1-0: Grounds into double play, 4-6-3 (Groundball, 34S, EV 85.6 MPH)
|
|
Batting: RHB Andy Lewis
|
0-0: Ball 1-0: Ball 2-0: Ball 3-0: Base on Balls
|
|
Batting: SHB Jay Rook
|
0-0: Ball 1-0: Called Strike Andy Lewis steals 2nd, throwing error, E2 Andy Lewis to third 1-1: Ball 2-1: Ball 3-1: Foul Ball, location: 2F 3-2: Ground out 4-3 (Groundball, 4M, EV 87.5 MPH)
|
| Top of the 3rd over - 0 runs, 0 hits, 1 error, 1 left on base; Cleveland (APP) 2 - Bluefield 0 |
| BOTTOM OF THE 3RD |
|
Bluefield Blue Jays batting - Pitching for Cleveland (APP) Indians : RHP Antonio Olvera
|
|
Batting: RHB Jorge Alva
|
0-0: Ball 1-0: Ground out 5-3 (Groundball, 56, EV 85.6 MPH)
|
|
Batting: LHB Nate Greening
|
0-0: Called Strike 0-1: Foul Ball, location: 2F 0-2: Ball 1-2: Foul Ball, location: 2F 1-2: Strikes out swinging
|
|
Batting: RHB Akira Kubo
|
0-0: Ball 1-0: Fly out, F4 (Flyball, 4D, EV 91.2 MPH)
|
| Bottom of the 3rd over - 0 runs, 0 hits, 0 errors, 0 left on base; Cleveland (APP) 2 - Bluefield 0 |
| TOP OF THE 4TH |
|
Cleveland (APP) Indians batting - Pitching for Bluefield Blue Jays : RHP Bradley Carriere
|
|
Batting: RHB Luke Burnham
|
0-0: Ball 1-0: Ball 2-0: Ball 3-0: Called Strike 3-1: Base on Balls
|
|
Batting: SHB Luis de Leon
|
0-0: Ball 1-0: Ball 2-0: Called Strike 2-1: Foul Ball, location: 2F 2-2: Fly out, F5 (Popup, 5DF, EV 53.8 MPH)
|
|
Batting: RHB Xavier Bartolani
|
0-0: Ball Wild Pitch! Luke Burnham to second 1-0: Ball 2-0: Ball 3-0: Called Strike 3-1: Swinging Strike 3-2: Base on Balls
|
|
Batting: LHB Mario Garza
|
0-0: Swinging Strike 0-1: Called Strike 0-2: Ball 1-2: Ball 2-2: Ball 3-2: Strikes out swinging
|
|
Batting: RHB Tony Gonzales
|
0-0: Ball 1-0: Ball 2-0: Fielders Choice at 2nd, 6-4 (Groundball, 6, EV 88.1 MPH)
|
| Top of the 4th over - 0 runs, 0 hits, 0 errors, 2 left on base; Cleveland (APP) 2 - Bluefield 0 |
| BOTTOM OF THE 4TH |
|
Bluefield Blue Jays batting - Pitching for Cleveland (APP) Indians : RHP Antonio Olvera
|
|
Batting: RHB Mark Noftall
|
0-0: Ball 1-0: Ball 2-0: Swinging Strike 2-1: Foul Ball, location: 2F 2-2: Ball 3-2: Foul Ball, location: 2F 3-2: Base on Balls
|
|
Batting: RHB Terry Plumley
|
0-0: Called Strike 0-1: Called Strike 0-2: Ball 1-2: SINGLE (Groundball, P, EV 81.2 MPH) (infield hit) Mark Noftall to second
|
|
Batting: RHB Jorge Cruz
|
0-0: Called Strike 0-1: Ball 1-1: Ball 2-1: Ball 3-1: Base on Balls Mark Noftall to third Terry Plumley to second
|
|
Batting: RHB Ed Swafford
|
0-0: GRAND SLAM HOME RUN (Flyball, 7D, EV 97.5 MPH), Distance : 376 ft
|
|
Batting: LHB Ron de Vos
|
0-0: Ball 1-0: Foul Ball, location: 2F 1-1: Ball 2-1: Ground out 3-1 (Groundball, 34S, EV 93.8 MPH)
|
|
Batting: RHB Manny Elizondo
|
0-0: Ground out U3 (Groundball, 3, EV 97.5 MPH)
|
|
Batting: RHB Jorge Alva
|
0-0: SINGLE (Groundball, 56D, EV 102.5 MPH)
|
|
Batting: LHB Nate Greening
|
0-0: Called Strike Jorge Alva is caught stealing 2nd base 2-6
|
| Bottom of the 4th over - 4 runs, 3 hits, 0 errors, 0 left on base; Cleveland (APP) 2 - Bluefield 4 |
| TOP OF THE 5TH |
|
Cleveland (APP) Indians batting - Pitching for Bluefield Blue Jays : RHP Bradley Carriere
|
|
Batting: LHB Mesfin Azagba
|
0-0: Called Strike 0-1: Called Strike 0-2: Strikes out swinging
|
|
Batting: RHB Kevin Trull
|
0-0: Ball 1-0: Called Strike 1-1: Ball 2-1: Fly out, F9 (Line Drive, 9LM, EV 108.1 MPH)
|
|
Batting: RHB Andy Lewis
|
0-0: Ball 1-0: Called Strike 1-1: Called Strike 1-2: Foul Ball, location: 2F 1-2: Fly out, F8 (Flyball, 8LD, EV 103.8 MPH)
|
| Top of the 5th over - 0 runs, 0 hits, 0 errors, 0 left on base; Cleveland (APP) 2 - Bluefield 4 |
| BOTTOM OF THE 5TH |
|
Bluefield Blue Jays batting - Pitching for Cleveland (APP) Indians : RHP Antonio Olvera
|
|
Batting: LHB Nate Greening
|
0-0: Ball 1-0: Called Strike 1-1: Foul Ball, location: 2F 1-2: Ball 2-2: Fly out, F9 (Flyball, 9, EV 78.8 MPH)
|
|
Batting: RHB Akira Kubo
|
0-0: Ball 1-0: Foul Ball, location: 2F 1-1: Ball 2-1: Foul Ball, location: 2F 2-2: Fly out, F9 (Flyball, 89S, EV 89.4 MPH)
|
|
Batting: RHB Mark Noftall
|
0-0: Ball 1-0: Ball 2-0: Ball 3-0: Base on Balls
|
|
Batting: RHB Terry Plumley
|
0-0: Fly out, F7 (Flyball, 7D, EV 101.2 MPH)
|
| Bottom of the 5th over - 0 runs, 0 hits, 0 errors, 1 left on base; Cleveland (APP) 2 - Bluefield 4 |
| TOP OF THE 6TH |
|
Cleveland (APP) Indians batting - Pitching for Bluefield Blue Jays : RHP Bradley Carriere
|
|
Batting: SHB Jay Rook
|
0-0: Ball 1-0: Called Strike 1-1: Ball 2-1: Ball 3-1: Base on Balls
|
|
Batting: RHB Luke Burnham
|
0-0: Foul Ball, location: 2F 0-1: Called Strike 0-2: Fielders Choice at 2nd, 4-6 (Groundball, 4, EV 85.0 MPH)
|
|
Batting: SHB Luis de Leon
|
0-0: Ball 1-0: Ball 2-0: Ball 3-0: Foul Ball, location: 2F 3-1: Called Strike 3-2: Foul Ball, location: 2F 3-2: Strikes out swinging
|
|
Pitching: RHP Aaron Meiggs
|
|
|
Pinch Hitting: RHB Justin Teague
|
0-0: Ball 1-0: Swinging Strike Passed Ball! Luke Burnham to second 1-1: Ball 2-1: Ball 3-1: Foul Ball, location: 2F 3-2: Foul Ball, location: 2F 3-2: Foul Ball, location: 2F 3-2: Foul Ball, location: 2F 3-2: Foul Ball, location: 2F 3-2: Foul Ball, location: 2F 3-2: Base on Balls
|
|
Batting: LHB Mario Garza
|
0-0: Foul Ball, location: 2F 0-1: Foul Ball, location: 2F 0-2: Strikes out swinging
|
| Top of the 6th over - 0 runs, 0 hits, 0 errors, 2 left on base; Cleveland (APP) 2 - Bluefield 4 |
| BOTTOM OF THE 6TH |
|
Bluefield Blue Jays batting - Pitching for Cleveland (APP) Indians : RHP Antonio Olvera
|
|
Now in RF: Justin Teague
|
|
|
Batting: RHB Jorge Cruz
|
0-0: Ball 1-0: DOUBLE (Line Drive, 8RXD, EV 104.4 MPH)
|
|
Batting: RHB Ed Swafford
|
0-0: Called Strike 0-1: Called Strike 0-2: Ball Wild Pitch! Jorge Cruz to third 1-2: Foul Ball, location: 2F 1-2: Foul Ball, location: 2F 1-2: Ball 2-2: Ground out 6-3 (Groundball, 56, EV 80.6 MPH) Jorge Cruz scores
|
|
Pitching: LHP Jon Curtis
|
|
|
Batting: LHB Ron de Vos
|
0-0: Ball 1-0: Foul Ball, location: 2F 1-1: SINGLE (Groundball, 6D, EV 105.6 MPH)
|
|
Batting: RHB Manny Elizondo
|
0-0: Ball 1-0: Called Strike 1-1: Ball 2-1: Ball 3-1: Fly out, F8 (Flyball, 8LD, EV 105.6 MPH)
|
|
Batting: RHB Jorge Alva
|
0-0: Called Strike Ron de Vos is caught stealing 2nd base 2-4
|
| Bottom of the 6th over - 1 run, 2 hits, 0 errors, 0 left on base; Cleveland (APP) 2 - Bluefield 5 |
| TOP OF THE 7TH |
|
Cleveland (APP) Indians batting - Pitching for Bluefield Blue Jays : RHP Aaron Meiggs
|
|
Now at 1B: Terry Plumley
|
|
|
Now at 2B: Nate Greening
|
|
|
Now at 3B: Dustin Bargman
|
|
|
Now at SS: Bobby Roldan
|
|
|
Now in LF: Manny Elizondo
|
|
|
Now in CF: Ron de Vos
|
|
|
Now in RF: Benedikt Fleischmann
|
|
|
Batting: RHB Tony Gonzales
|
0-0: Ball 1-0: Foul Ball, location: 2F 1-1: Ball 2-1: Foul Ball, location: 2F 2-2: Strikes out swinging
|
|
Pitching: LHP William Capuano
|
|
|
Pinch Hitting: RHB Makoto Narita
|
0-0: Ball 1-0: DOUBLE (Line Drive, 89D, EV 106.9 MPH)
|
|
Batting: RHB Kevin Trull
|
0-0: Foul Ball, location: 2F 0-1: Ground out 4-3 (Groundball, 4S, EV 86.2 MPH) Makoto Narita to third
|
|
Batting: RHB Andy Lewis
|
0-0: Ball 1-0: Foul Ball, location: 2F 1-1: Foul Ball, location: 2F 1-2: Ball 2-2: Ball 3-2: Ground out 4-3 (Groundball, 4, EV 106.9 MPH)
|
| Top of the 7th over - 0 runs, 1 hit, 0 errors, 1 left on base; Cleveland (APP) 2 - Bluefield 5 |
| BOTTOM OF THE 7TH |
|
Bluefield Blue Jays batting - Pitching for Cleveland (APP) Indians : LHP Jon Curtis
|
|
Now at 2B: Makoto Narita
|
|
|
Now at 3B: Tony Gonzales
|
|
|
Batting: RHB Dustin Bargman
|
0-0: Ball 1-0: Ground out 6-3 (Groundball, 6, EV 77.5 MPH)
|
|
Batting: LHB Nate Greening
|
0-0: Called Strike 0-1: Swinging Strike 0-2: Foul Ball, location: 2F 0-2: Strikes out swinging
|
|
Batting: RHB Bobby Roldan
|
0-0: Foul Ball, location: 2F 0-1: Swinging Strike 0-2: Ball 1-2: Strikes out swinging
|
| Bottom of the 7th over - 0 runs, 0 hits, 0 errors, 0 left on base; Cleveland (APP) 2 - Bluefield 5 |
| TOP OF THE 8TH |
|
Cleveland (APP) Indians batting - Pitching for Bluefield Blue Jays : LHP William Capuano
|
|
Batting: SHB Jay Rook
|
0-0: Called Strike 0-1: Called Strike 0-2: Fly out, F7 (Flyball, 78M, EV 86.9 MPH)
|
|
Batting: RHB Luke Burnham
|
0-0: Ground out 5-3 (Groundball, 5S, EV 73.1 MPH)
|
|
Batting: SHB Luis de Leon
|
0-0: Called Strike 0-1: Called Strike 0-2: Strikes out swinging
|
| Top of the 8th over - 0 runs, 0 hits, 0 errors, 0 left on base; Cleveland (APP) 2 - Bluefield 5 |
| BOTTOM OF THE 8TH |
|
Bluefield Blue Jays batting - Pitching for Cleveland (APP) Indians : LHP Jon Curtis
|
|
Batting: RHB Mark Noftall
|
0-0: Foul Ball, location: 2F 0-1: Ground out 5-3 (Groundball, 5, EV 97.5 MPH)
|
|
Batting: RHB Terry Plumley
|
0-0: Foul Ball, location: 2F 0-1: Ground out 5-3 (Groundball, 56, EV 98.1 MPH)
|
|
Batting: RHB Benedikt Fleischmann
|
0-0: Foul Ball, location: 2F 0-1: Ground out 6-3 (Groundball, 6, EV 90.6 MPH)
|
| Bottom of the 8th over - 0 runs, 0 hits, 0 errors, 0 left on base; Cleveland (APP) 2 - Bluefield 5 |
| TOP OF THE 9TH |
|
Cleveland (APP) Indians batting - Pitching for Bluefield Blue Jays : LHP William Capuano
|
|
Pitching: RHP Dave Vandehey
|
|
|
Batting: RHB Justin Teague
|
0-0: Ball 1-0: Ball 2-0: SINGLE (Groundball, 6MD, EV 101.2 MPH)
|
|
Pinch Hitting: RHB Eric Kuck
|
0-0: Swinging Strike 0-1: Foul Ball, location: 2F 0-2: Ball 1-2: Strikes out swinging
|
|
Pinch Hitting: LHB Justin Eargle
|
0-0: Ball 1-0: Ball 2-0: Foul Ball, location: 2F 2-1: Ball 3-1: Called Strike 3-2: Base on Balls Justin Teague to second
|
|
Batting: RHB Makoto Narita
|
0-0: Foul Ball, location: 2F 0-1: Called Strike 0-2: Ball 1-2: Ball 2-2: Strikes out swinging
|
|
Batting: RHB Kevin Trull
|
0-0: Called Strike 0-1: Ball 1-1: Ball 2-1: Ball 3-1: Foul Ball, location: 2F 3-2: Foul Ball, location: 2F 3-2: Foul Ball, location: 2F 3-2: SINGLE (Groundball, 34D, EV 97.5 MPH) Justin Teague to third Justin Eargle to second Justin Teague scores Justin Eargle to third
|
|
Batting: RHB Andy Lewis
|
0-0: Swinging Strike 0-1: Called Strike 0-2: Hit by Pitch Kevin Trull to second
|
|
Batting: SHB Jay Rook
|
0-0: Ball 1-0: Ball Wild Pitch! Justin Eargle scores Kevin Trull to third Andy Lewis to second 2-0: Intentional Walk
|
|
Batting: RHB Luke Burnham
|
0-0: Ball 1-0: SINGLE (Groundball, 56D, EV 106.2 MPH) Kevin Trull scores Andy Lewis to third Jay Rook to second
|
|
Batting: SHB Luis de Leon
|
0-0: Ball 1-0: Swinging Strike 1-1: Foul Ball, location: 2F 1-2: Strikes out swinging
|
| Top of the 9th over - 3 runs, 3 hits, 0 errors, 3 left on base; Cleveland (APP) 5 - Bluefield 5 |
| BOTTOM OF THE 9TH |
|
Bluefield Blue Jays batting - Pitching for Cleveland (APP) Indians : LHP Jon Curtis
|
|
Now at 2B: Andy Lewis
|
|
|
Now at 3B: Luke Burnham
|
|
|
Now at SS: Makoto Narita
|
|
|
Now in LF: Quan Tai
|
|
|
Now in CF: Russ Kennett
|
|
|
Batting: RHB Ed Swafford
|
0-0: Called Strike 0-1: Ball 1-1: Ball 2-1: Foul Ball, location: 2F 2-2: Strikes out swinging
|
|
Pinch Hitting: RHB Jake Bronner
|
0-0: Called Strike 0-1: Foul Ball, location: 2F 0-2: Ball 1-2: Strikes out looking
|
|
Batting: RHB Manny Elizondo
|
0-0: Called Strike 0-1: Foul Ball, location: 2F 0-2: SINGLE (Groundball, 34D, EV 99.4 MPH)
|
|
Batting: RHB Dustin Bargman
|
0-0: Called Strike 0-1: Ball 1-1: Called Strike Manny Elizondo steals 2nd base 1-2: Ball 2-2: Ball 3-2: Intentional Walk
|
|
Pitching: RHP Conrado Cristina
|
|
|
Batting: LHB Nate Greening
|
0-0: Ball 1-0: Foul Ball, location: 2F 1-1: Ball 2-1: Ball 3-1: Foul Ball, location: 2F 3-2: Foul Ball, location: 2F 3-2: Base on Balls Manny Elizondo to third Dustin Bargman to second
|
|
Pinch Hitting: LHB Lothar Middelkoop
|
0-0: Ball 1-0: Called Strike 1-1: Ball 2-1: Foul Ball, location: 2F 2-2: Foul Ball, location: 2F 2-2: Ball 3-2: Foul Ball, location: 2F 3-2: Base on Balls Manny Elizondo scores Dustin Bargman to third Nate Greening to second
|
| Bottom of the 9th over - 1 run, 1 hit, 0 errors, 3 left on base; Cleveland (APP) 5 - Bluefield 6 |
|